 Dungeon Crawl Stone Soup version 0.23-a0-141-g456867d (webtiles) character file.

21 galech the Skirmisher (level 2, 22/24 HPs)
             Began as a Demonspawn Monk on Aug 31, 2018.
             Quit the game on level 1 of the Dungeon.
             The game lasted 00:01:26 (635 turns).

galech the Skirmisher (Demonspawn Monk)              Turns: 635, Time: 00:01:27

Health: 22/24      AC:  5    Str: 11    XL:     2   Next: 62%
Magic:  2/2        EV: 15    Int: 11    God:
Gold:   77         SH:  0    Dex: 15    Spells: 1/1 levels left

rFire    . . .     SeeInvis .   a - +0 hand axe
rCold    . . .     Gourm    .   (no shield)
rNeg     . . .     Faith    .   i - +0 ring mail
rPois    .         Spirit   .   (helmet restricted)
rElec    .         Reflect  .   (no cloak)
rCorr    .         Harm     .   (no gloves)
MR       .....                  (no boots)
Stlth    +.........             (no amulet)
HPRegen  0.08/turn              h - +4 ring of evasion
MPRegen  0.08/turn              (no ring)

@: no status effects
A: antennae 1
a: no special abilities


You were on level 1 of the Dungeon.
You were not hungry.

You visited 1 branch of the dungeon, and saw 1 of its levels.

You collected 77 gold pieces.

Inventory:

Hand Weapons
 a - a +0 hand axe (weapon)
Armour
 i - a +0 ring mail (worn)
Jewellery
 h - a +4 ring of evasion (left hand)
Scrolls
 e - a scroll of identify {unknown}
 f - 2 scrolls of teleportation {unknown}
 j - a scroll of magic mapping {unknown}
 l - a scroll of amnesia {unknown}
Potions
 b - a potion of might {unknown}
 g - a potion of berserk rage {unknown}
 k - a potion of mutation {unknown}
Comestibles
 c - 4 rations
 d - 3 chunks of flesh


   Skills:
 + Level 3.2 Fighting
 + Level 3.2 Axes
 + Level 2.8 Dodging
 + Level 1.9 Stealth


You had one spell level left.
You didn't know any spells.
Your spell library was empty.

Dungeon Overview and Level Annotations

Branches:
Dungeon (1/15)

Altars:


Innate Abilities, Weirdness & Mutations

You have a pair of small antennae on your head.


Message History

A bat is nearby!
The bat barely misses you. The bat closely misses you. The bat misses you.
You hit the bat.
You kill the bat!
No target in view!
No target in view!
No target in view!
No target in view!
No target in view!
No target in view!
No target in view!
No target in view!
No target in view!
No target in view!
No target in view!
No target in view!
Found 23 stones.
Are you sure you want to abandon this character and quit the game? (Confirm

####..# #.##.###.##.##.#
#.#.### ......# #.##.#
#.##.##.# #.#.... .....(#
#.##.# #...[...# #.#####
.###### #....#
#..###..###.# # .# ######
#..# #......##### .#
##.###........... .#
#.....########## .#
############.........# #
.# #.......@.......####.#
# .# #.##########.##.# #.#
#
..#######.##.........##.#
#.####
.............#######.##.##
#.#... ...............(.
...#...###...##
#.##..###########
##..)(..÷..†.#
..##..######
###...####..##
...........# ##.## #....
####..####.# #.# #.###


There were no monsters in sight!

Vanquished Creatures
  A leopard gecko (D:1)
  3 goblins (D:1)
  3 hobgoblins (D:1)
  3 bats (D:1)
  2 frilled lizards (D:1)
  3 kobolds (D:1)
  6 rats (D:1)
21 creatures vanquished.

Notes
Turn   | Place    | Note
-------+----------+-------------------------------------------
     0 | D:1      | galech the Demonspawn Monk began the quest for the Orb.
     0 | D:1      | Reached XP level 1. HP: 18/18 MP: 1/1
   150 | D:1      | Gained mutation: You have a pair of small antennae on your
                  | head. [demonic ancestry]
   150 | D:1      | Reached XP level 2. HP: 22/24 MP: 2/2
   635 | D:1      | Quit the game

Vault maps used:
D:1:      minmay_arrival_checkered_box

Skill      XL: |  1 |
---------------+----+-----
Axes           | 3 |  3.2
Fighting       | |  3.2
Dodging        | |  2.8
Stealth        | |  1.9

Action                   || total
-------------------------++-------
Melee: Hand axe          ||    66
 Stab: Sleeping          ||     1
Armor: Robe              ||     2
       Ring mail         ||     6
Dodge: Dodged            ||    50

Table legend:
 A = Non-vault XP
 B = Vault XP
 C = Vault XP percentage of total XP
 D = Non-vault monster count
 E = Vault monster count
 F = Vault count percentage of total count
                 A         B        C        D         E       F
            +---------+---------+-------+---------+---------+-------
      Total |      30 |       0 |   0.0 |      21 |       0 |   0.0
            +---------+---------+-------+---------+---------+-------
        D:1 |      30 |       0 |   0.0 |      21 |       0 |   0.0
            +---------+---------+-------+---------+---------+-------
